Map: Ulrena

Players

DrejkuzSC

  • Race: Terran Terran
  • League: Diamond

Miszu - Winner!

  • Race: Terran Terran
  • League: Master

VOD

Have the link to the VOD?

Description

Time

  • Played on: March 11, 2016, 1:43 p.m.
  • Length: 4:40
Show
View Real Time Build Order
Export as new Build Order

DrejkuzSC Terran 

Build Orders:  

Get SALT Encoding   

  12  0:01  SCV  
  13  0:13  SCV  
  14  0:18  Supply Depot  
  14  0:25  SCV  
  15  0:40  Barracks, SCV  
  16  0:46  Refinery  
  16  0:52  SCV  
  17  1:01  Barracks  
  17  1:05  SCV  
  18  1:15  Refinery  
  18  1:25  Barracks  
  18  1:33  SCV  
  18  1:37  Reaper  
  20  1:46  Supply Depot  
  21  1:49  Reaper  
  21  1:50  SCV  
  22  2:02  SCV  
  23  2:09  Reaper  
  23  2:13  Reaper  
  23  2:15  SCV  
  26  2:23  Reaper  
  27  2:41  Reaper  
  28  2:45  Reaper  
  29  2:52  Orbital Command  
  29  2:56  Reaper  
  29  2:57  Supply Depot  
  29  3:08  Barracks  
  29  3:13  Reaper  
  29  3:17  Reaper  
  31  3:28  Reaper  
  29  3:45  Reaper  
  29  3:49  Reaper  
  30  3:57  Reaper  
Show
View Real Time Build Order
Export as new Build Order

Miszu Terran - Winner!

Build Orders: 1/1/1, Liberator Opening 

Get SALT Encoding   

  12  0:01  SCV  
  13  0:13  SCV  
  14  0:20  Supply Depot  
  14  0:25  SCV  
  15  0:28  Refinery  
  15  0:42  SCV  
  16  0:46  Barracks  
  16  0:54  SCV  
  17  1:04  Refinery  
  17  1:06  SCV  
  18  1:18  SCV  
  20  1:33  Orbital Command  
  20  1:35  Factory  
  20  1:38  Supply Depot  
  19  1:44  Reaper  
  20  1:59  SCV  
  21  2:01  Supply Depot  
  21  2:11  SCV  
  22  2:16  Reaper  
  22  2:20  Hellion  
  22  2:22  Starport  
  25  2:28  SCV  
  26  2:32  Supply Depot  
  26  2:41  SCV  
  26  2:42  Hellion  
  29  2:48  Reaper  
  29  2:49  Liberator  
  30  2:53  SCV  
  31  3:04  Hellion  
  33  3:10  Supply Depot, SCV  
  37  3:20  Reaper  
  37  3:22  SCV  
  39  3:28  Hellion  
  41  3:37  SCV  
  42  3:49  Hellion, SCV  
  42  3:53  Reaper  
  46  3:57  Starport Tech Lab  
  46  3:58  Supply Depot  
  46  3:59  Supply Depot  
  46  4:09  SCV  
  45  4:21  SCV  
Tags
 
Add a new tag
Caveats
  • Supply blocks, unpowered buildings, or Contaminate may cause inaccurate times.
  • Supply counts are checked every 10 seconds.